 Dungeon Crawl Stone Soup version 0.27.1-3-gb3d3a73c9e (webtiles) character file.

Game seed: 6455372416336212861

236 belegose the Skirmisher (level 6, -2/56 HPs)
             Began as a Hill Orc Monk on Oct 9, 2021.
             Slain by Grinder (4 damage)
             ... on level 3 of the Dungeon.
             The game lasted 00:09:45 (4402 turns).

belegose the Skirmisher (Hill Orc Monk)             Turns: 4402, Time: 00:09:46

Health: -2/56      AC:  8    Str: 16    XL:     6   Next: 6%
Magic:  15/15      EV: 10    Int: 10    God:
Gold:   110        SH:  0    Dex: 13    Spells: 5/5 levels left

rFire    . . .     SeeInvis .   a - +0 mace
rCold    + . .     Faith    .   (no shield)
rNeg     . . .     Spirit   .   o - +1 scale mail {rC+}
rPois    .         Reflect  .   (no helmet)
rElec    .         Harm     .   (no cloak)
rCorr    .         Rampage  .   g - +0 pair of gloves
Will     .....                  (no boots)
Stlth    ..........             (no amulet)
HPRegen  0.18/turn              m - ring of magical power
MPRegen  0.14/turn              (no ring)

@: studying Throwing
A: no striking features
a: no special abilities


You were on level 3 of the Dungeon.
You visited 1 branch of the dungeon, and saw 3 of its levels.

You collected 110 gold pieces.

Inventory:

Hand Weapons
 a - a +0 mace (weapon)
Missiles
 c - 64 stones
 f - 24 poisoned darts (quivered)
Armour
 g - a +0 pair of gloves (worn)
 o - a +1 scale mail of cold resistance (worn)
Jewellery
 m - a ring of magical power (left hand)
Wands
 r - a wand of flame (13)
Scrolls
 b - a scroll of fear {unknown}
 d - 4 scrolls of teleportation {unknown}
 e - 2 scrolls of magic mapping {unknown}
 i - 4 scrolls of identify {unknown}
 k - 2 scrolls of fog {unknown}
 l - a scroll of silence {unknown}
 p - a scroll of amnesia {unknown}
Potions
 h - a potion of flight {unknown}
 j - a potion of degeneration {unknown}
 n - a potion of curing {unknown}
 q - a potion of brilliance {unknown}


   Skills:
 + Level 5.0 Fighting
 + Level 4.5 Maces & Flails
 + Level 2.7 Throwing
 + Level 2.9 Armour
 - Level 2.4 Dodging
 - Level 1.5 Stealth


You had 5 spell levels left.
You didn't know any spells.
Your spell library contained the following spells:

 Spells                   Type           Power      Damage    Failure   Level
 Apportation              Tloc           0%         N/A       80%         1
 Inner Flame              Hex/Fire       0%         N/A       99%         3
 Cause Fear               Hex            0%         N/A       100%        4
 Alistair's Intoxication  Tmut/Pois      0%         N/A       100%        5
 Invisibility             Hex            0%         N/A       100%        6
 Discord                  Hex            0%         N/A       100%        8


Dungeon Overview and Level Annotations

Branches:
Dungeon (3/15)

Altars:

Shops:
D:1 =   D:3 (

Annotations:
D:2 Sigmund
D:3 Grinder


Message History

Grinder is moderately wounded.
Grinder hits you but does no damage.
You hit Grinder.
Grinder is moderately wounded.
Grinder hits you but does no damage.
You closely miss Grinder.
Grinder is moderately wounded.
Grinder hits you.
You writhe in agony.
The adder misses you.
You completely miss Grinder.
Grinder is moderately wounded.
The adder bites you. Grinder hits you but does no damage.
The adder bites you but does no damage.
Items here: ! $ ( ) ††.
You completely miss Grinder.
Grinder is moderately wounded.
Grinder says, "FISH!"
Grinder gestures at you. Pain shoots through your body!
You barely miss Grinder.
Grinder is moderately wounded.
Grinder hits you.
You writhe in agony.
You closely miss Grinder.
Grinder is moderately wounded.
Grinder hits you.
You writhe in agony.
Grinder hits you.
You writhe in agony.
* * * LOW HITPOINT WARNING * * *
You sock Grinder!
Grinder is heavily wounded.
Grinder hits you.
* * * LOW HITPOINT WARNING * * *
You writhe in agony.
* * * LOW HITPOINT WARNING * * *
You barely miss Grinder.
Grinder is heavily wounded.
Grinder closely misses you.
You hit Grinder.
Grinder is severely wounded.
Grinder hits you!
* * * LOW HITPOINT WARNING * * *
You writhe in agony.
You die...

#############...........#
.....
..#####'###############
.....
..................>....
#####
#.####..#<......#......
#..#######K#.####.
#............# ..
#.########.### .# #.#
#.....o..# #@# #.####r#.#
#5# #.#.# .#######S#
####K#.# ..........#
#....#.#
#.........###'#.####.#
#### #................
#.# ..# #................
#.#
#.#####................
...
##.#.......####.........
...


You could see Grinder and an adder.

Vanquished Creatures
  2 jellies
  Terence (D:1)
  4 gnolls
  4 adders
  A worm (D:2)
  A dart slug (D:1)
  An orc (D:3)
  4 ball pythons
  17 endoplasms
  3 giant cockroaches (D:1)
  2 hobgoblins
  4 jackals (D:1)
  3 quokkas
  2 bats (D:1)
  2 frilled lizards (D:2)
  3 goblins
  14 kobolds
  4 rats
72 creatures vanquished.

Vanquished Creatures (others)
  6 fungi (D:3)
  8 toadstools (D:3)
14 creatures vanquished.

Grand Total: 86 creatures vanquished

Notes
Turn   | Place    | Note
-------+----------+-------------------------------------------
     0 | D:1      | belegose the Hill Orc Monk began the quest for the Orb.
     0 | D:1      | Reached XP level 1. HP: 19/19 MP: 1/1
   131 | D:1      | Reached XP level 2. HP: 2/27 MP: 2/2
   534 | D:1      | Found Laobu's Jewellery Boutique.
   625 | D:1      | Reached skill level 1 in Armour
   664 | D:1      | Reached skill level 4 in Fighting
   687 | D:1      | Reached XP level 3. HP: 33/33 MP: 3/3
   694 | D:1      | Reached skill level 1 in Throwing
  1621 | D:2      | Noticed Terence
  1644 | D:1      | Killed Terence
  1645 | D:1      | Reached XP level 4. HP: 24/40 MP: 4/4
  2082 | D:2      | Found a faded altar of an unknown god.
  2086 | D:2      | Noticed Sigmund
  2554 | D:1      | Reached XP level 5. HP: 22/47 MP: 5/5
  3945 | D:3      | Noticed Grinder
  3952 | D:3      | Paralysed by Grinder for 4 turns
  4214 | D:3      | Reached skill level 5 in Fighting
  4214 | D:3      | Reached XP level 6. HP: 43/56 MP: 6/6
  4341 | D:3      | Found Taenuag's Antique Weapon Shoppe.
  4402 | D:3      | HP: 2/56 [Grinder (9)]
  4402 | D:3      | Slain by Grinder

Illustrated notes

Levels and vault maps discovered:
D:1:      evilmike_arrival_hilbert_curve, layout_basic, serial_shops,
          nicolae_shop_competitors_out_of_business,
          chequers_serial_rivers_marsh, minmay_misc_feat_pillars,
          minmay_pentomino_w4
D:2:      layout_loops_ring, shapermc_ecumenical_altar_starsandcircs,
          uniq_sigmund, uniq_terence
D:3:      cheibrodos_fertilizer, layout_basic, serial_shops, shop, uniq_grinder

Skill      XL: |  1  2  3  4  5 |
---------------+----------------+-----
Armour         | 1 2 |  2.9
Fighting       | 4 5 |  5.0
Throwing       | 1 2 |  2.7
Maces & Flails | 4 |  4.5
Dodging        | |  2.4
Stealth        | |  1.5

Action                   |  1- 3 |  4- 6 || total
-------------------------+-------+-------++-------
Melee: Mace              |    94 |   176 ||   270
Throw: Dart              |    14 |       ||    14
 Stab: Sleeping          |     3 |       ||     3
Armor: Robe              |    31 |       ||    31
       Scale mail        |       |    64 ||    64
Dodge: Dodged            |    93 |   102 ||   195
